 Dungeon Crawl Stone Soup version 0.28.0-49-g6dfe1f597d (webtiles) character file.

Game seed: 9160226696843306661

91 Gabide the Grave Robber (level 4, -2/33 HPs)
             Began as a Mummy Necromancer on May 19, 2022.
             Slain by an adder (4 damage)
             ... on level 3 of the Dungeon.
             The game lasted 00:04:24 (2548 turns).

Gabide the Grave Robber (Mummy Necromancer)         Turns: 2548, Time: 00:04:25

Health: -2/33      AC:  2    Str: 11    XL:     4   Next: 33%
Magic:  0/8        EV: 12    Int: 16    God:
Gold:   124        SH:  0    Dex: 12    Spells: 5/9 levels left

rFire   x . .      SeeInvis .   e - +0 mace
rCold   + . .      Faith    .   (no shield)
rNeg    + + +      Spirit   .   a - +0 robe
rPois   ∞          Reflect  .   (no helmet)
rElec   .          Harm     .   (no cloak)
rCorr   .          Rampage  .   (no gloves)
Will    .....                   (no boots)
Stlth   ++........              (no amulet)
HPRegen 0.11/turn               (no ring)
MPRegen 0.11/turn               (no ring)

@: no status effects
A: cold resistance 1, negative energy resistance 3, torment resistance 2, heat
vulnerability 1, no potions
a: no special abilities


You were on level 3 of the Dungeon.
You visited 1 branch of the dungeon, and saw 3 of its levels.

You collected 124 gold pieces.

Inventory:

Hand Weapons
 b - a +0 hand axe
 e - a +0 mace (weapon)
 h - a +0 spear
Armour
 a - a +0 robe (worn)
Scrolls
 c - 2 scrolls of teleportation {unknown}
 d - 2 scrolls of immolation {unknown}
 f - a scroll of amnesia {unknown}
 g - a scroll of identify {unknown}


   Skills:
 * Level 2.1 Fighting
 * Level 2.4 Dodging
 - Level 1.5 Stealth
 + Level 3.2 Spellcasting
 + Level 4.4 Necromancy


You had 5 spell levels left.
You knew the following spells:

 Your Spells              Type           Power      Damage    Failure   Level
a - Pain                  Necr           64%        1d7       3%          1
b - Vampiric Draining     Necr           16%        2d7       9%          3

Your spell library contained the following spells:

 Spells                   Type           Power      Damage    Failure   Level
 Animate Skeleton         Necr           32%        N/A       3%          1
 Animate Dead             Necr           8%         N/A       30%         4
 Agony                    Necr           16%        N/A       63%         5


Dungeon Overview and Level Annotations

Branches:
Dungeon (3/15)

Altars:
Dithmenos

Annotations:
D:3 1 runed translucent door, 101zpm's ghost, amateur DjFE


Innate Abilities, Weirdness & Mutations

You are immune to poison.
Your flesh is cold resistant. (rC+)
You are immune to negative energy. (rN+++)
You are immune to unholy pain and torment.
You are vulnerable to heat. (rF-)
You do not drink.


Message History

The adder barely resists.
The adder completely misses you. The adder barely misses you.
The adder barely resists.
The adder bites you.
The adder writhes in agony!
You kill the adder!
The adder bites you but does no damage.
You are too depleted to draw on your mana recklessly!
You barely miss the adder. The adder bites you. The adder misses you.
You sock the adder!
The adder is heavily wounded.
The adder bites you.
You closely miss the adder.
The adder is heavily wounded.
The adder bites you. x2
You barely miss the adder.
The adder is heavily wounded.
The adder bites you but does no damage. The adder barely misses you.
You barely miss the adder.
The adder is heavily wounded.
The adder barely misses you. The adder bites you.
* * * LOW HITPOINT WARNING * * *
You are too injured to fight recklessly!
Aiming: Pain (safe; 3% risk of failure)
Press: ? - help, Q - select action Shift-Dir - straight line, f - adder
Aim: an adder (heavily wounded, chance to affect: 80%)
The adder writhes in agony.
The adder closely misses you. The adder closely misses you.
The adder bites you.
* * * LOW HITPOINT WARNING * * *
The adder barely misses you.
Aiming: Pain (safe; 3% risk of failure)
Press: ? - help, Q - select action Shift-Dir - straight line, f/p - adder
Aim: an adder (severely wounded, chance to affect: 80%)
The adder barely resists.
The adder bites you.
* * * LOW HITPOINT WARNING * * *
Okay, then.
The adder bites you.
You die...

..# #.#.#.####...####...?.$.
..#######..................#
..'.........##.#####.###........
..############..# #.# #.####..#
..# ##.# #.# #.# . #.#
#.####.###.# #.# #.......##.#..#
#.# #.S#######<#..# #.######
##@# #.#..# ### #......# #.##
####.#..# #..
######.#########..# #....#..#
#.. #............# #.##.#..# #..
#.##########.# #.##.#..###.. #.#
#.###....#....... #.#
#..##..#.#.#####+ #.#
##.........# #. #.#
#######..####.#.# #.


You could see an adder.

Vanquished Creatures
  2 adders
  An adder skeleton (D:3)
  A dart slug (D:1)
  4 bats
  5 endoplasms
  2 giant cockroaches (D:1)
  6 goblins
  11 hobgoblins
  3 jackals (D:2)
  A quokka (D:1)
  10 ball pythons
  4 frilled lizards
  8 kobolds
  2 rats (D:2)
60 creatures vanquished.

Notes
Turn   | Place    | Note
-------+----------+-------------------------------------------
     0 | D:1      | Gabide the Mummy Necromancer began the quest for the Orb.
     0 | D:1      | Reached XP level 1. HP: 13/13 MP: 4/4
   294 | D:1      | Reached XP level 2. HP: 20/20 MP: 3/5
   295 | D:1      | Reached skill level 1 in Fighting
   691 | D:1      | Found a faded altar of an unknown god.
   863 | D:1      | Reached XP level 3. HP: 26/26 MP: 1/7
  1209 | D:1      | Found a shadowy altar of Dithmenos.
  1402 | D:2      | Learned a level 3 spell: Vampiric Draining
  2048 | D:2      | Reached XP level 4. HP: 33/33 MP: 5/8
  2186 | D:3      | Found a runed translucent door.
  2186 | D:3      | Noticed 101zpm's ghost (amateur DjFE)
  2548 | D:3      | Slain by an adder

Illustrated notes

Levels and vault maps discovered:
D:1:      dpeg_arrival_water_altar, layout_loops_ring,
          shapermc_ecumenical_altar_pompeii, bh_walls_and_bars
D:2:      layout_basic
D:3:      layout_basic, hellmonk_ghost_happy_afterlife, minmay_surrounded

Skill      XL: |  1  2  3  4 |
---------------+-------------+-----
Fighting       | 1 2 |  2.1
Dodging        | 2 |  2.4
Spellcasting   | 3 |  3.2
Stealth        | |  1.5
Necromancy     | |  4.4

Action                   |  1- 3 |  4- 6 || total
-------------------------+-------+-------++-------
Melee: Hand axe          |     6 |       ||     6
       Mace              |     4 |     9 ||    13
 Cast: Pain              |    93 |    27 ||   120
Armor: Robe              |     6 |     5 ||    11
Dodge: Dodged            |    12 |    13 ||    25
